 Dungeon Crawl Stone Soup version 0.30-a0-696-g2367cd04db (webtiles) character file.

Game seed: 10151655552681010563

1359 pokeman the Thaumaturge (level 8, -2/44 HPs)
             Began as a Deep Elf Hedge Wizard on Jan 20, 2023.
             Slain by an ogre
             ... wielding a +0 giant club
              (12 damage)
             ... on level 6 of the Dungeon.
             The game lasted 00:10:07 (6132 turns).

pokeman the Thaumaturge (Deep Elf Hedge Wizard)     Turns: 6132, Time: 00:10:08

Health: -2/44      AC:  3    Str:  7    XL:     8   Next: 37%
Magic:  6/23       EV: 13    Int: 28    God:
Gold:   296        SH:  0    Dex: 14    Spells: 18/26 levels left

rFire   . . .      SeeInvis .    t - +1 dagger (venom)
rCold   . . .      Faith    .    (no shield)
rNeg    . . .      Spirit   .    b - +0 robe
rPois   +          Reflect  .    c - +0 hat
rElec   .          Harm     .    (no cloak)
rCorr   .          Rampage  .    (no gloves)
Will    .....                    h - +0 pair of boots
Stlth   +++                      (no amulet)
HPRegen 0.27/turn                i - ring of poison resistance
MPRegen 0.18/turn                j - +6 ring of intelligence

@: no status effects
A: no striking features
a: no special abilities


You were on level 6 of the Dungeon.
You visited 1 branch of the dungeon, and saw 6 of its levels.

You collected 296 gold pieces.

Inventory:

Hand Weapons
 t - a +1 dagger of venom (weapon)
Armour
 b - a +0 robe (worn)
 c - a +0 hat (worn)
 h - a +0 pair of boots (worn)
Jewellery
 i - a ring of poison resistance (left hand)
 j - a +6 ring of intelligence (right hand)
Wands
 l - a wand of roots (13)
Scrolls
 o - 2 scrolls of teleportation {unknown}
 p - 2 scrolls of identify {unknown}
 s - 2 scrolls of fear {unknown}
 u - a scroll of fog {unknown}
 x - a scroll of silence {unknown}
 y - a scroll of acquirement {unknown}
Potions
 a - a potion of mutation {unknown}
 d - a potion of magic
 e - 3 potions of attraction {unknown}
 f - a potion of flight {unknown}
 g - 4 potions of curing {unknown}
 k - a potion of haste {unknown}
 m - a potion of berserk rage {unknown}
 n - a potion of resistance {unknown}
 q - 3 potions of heal wounds {unknown}
 r - a potion of might {unknown}
 v - a potion of brilliance {unknown}
 w - 2 potions of lignification {unknown}


   Skills:
 - Level 2.1 Fighting
 + Level 2.0 Armour
 - Level 3.0 Dodging
 - Level 4.0 Stealth
 * Level 9.6 Spellcasting
 + Level 5.0 Conjurations
 + Level 3.5 Summonings
 - Level 1.1 Translocations
 - Level 1.0 Air Magic
 - Level 1.1 Poison Magic
 - Level 1.0 Evocations


You had 18 spell levels left.
You knew the following spells:

 Your Spells              Type           Power      Damage    Failure   Level
a - Magic Dart            Conj           100%       1d8       1%          1
b - Mephitic Cloud        Conj/Pois/Air  26%        N/A       4%          3
c - Call Imp              Summ           33%        N/A       1%          2
d - Blink                 Tloc           38%        N/A       4%          2

Your spell library contained the following spells:

 Spells                   Type           Power      Damage    Failure   Level
 Summon Small Mammal      Summ           100%       N/A       1%          1
 Apportation              Tloc           38%        N/A       2%          1
 Necrotise                Necr           52%        1d6       4%          1
 Slow                     Hex            52%        N/A       4%          1
 Cigotuvi's Dreadful Rot  Necr/Pois/Air  34%        N/A       4%          2
 Ensorcelled Hibernation  Hex/Ice        26%        N/A       6%          2
 Spider Form              Tmut/Pois      16%        N/A       10%         3
 Inner Flame              Hex/Fire       13%        N/A       13%         3
 Vampiric Draining        Necr           13%        2d6       13%         3
 Anguish                  Hex/Necr       6%         N/A       38%         4
 Cause Fear               Hex            6%         N/A       38%         4
 Agony                    Necr           13%        N/A       75%         5
 Discord                  Hex            6%         N/A       100%        8


Dungeon Overview and Level Annotations

Branches:
Dungeon (6/15)
 Temple: D:4-7

Altars:
Fedhas
Gozag
Kikubaaqudgha
Nemelex Xobeh
Ru
Sif Muna
Uskayaw
Wu Jian
Xom
Yredelemnul
Zin

Shops:
D:2 *

Annotations:
D:3 Gold behind grate


Message History

The bullfrog hits you.
* * * LOW HITPOINT WARNING * * *
The bullfrog is engulfed in noxious fumes.
The bullfrog appears confused.
You hit the bullfrog.
The bullfrog is moderately wounded.
The bullfrog is engulfed in noxious fumes.
The bullfrog appears confused.
Casting: Mephitic Cloud (dangerous; 4% risk of failure)
Confirm with . or Enter, or press ? or * to list all spells.
Aiming: Mephitic Cloud (dangerous; 4% risk of failure)
Press: ? - help, Shift-Dir - straight line, f - ogre, p - bullfrog
Aim: an ogre, wielding a +0 giant club (chance to affect: 77%)
The ball explodes into a vile cloud!
The stinking cloud engulfs the ogre but does no damage.
The stinking cloud engulfs the bullfrog but does no damage.
The bullfrog is moderately wounded.
The ogre is engulfed in noxious fumes.
The ogre appears confused.
The ogre barely misses the bullfrog.
Casting: Mephitic Cloud (dangerous; 4% risk of failure)
Confirm with . or Enter, or press ? or * to list all spells.
A beastly little devil appears in a puff of flame.
The bullfrog is engulfed in noxious fumes.
The bullfrog appears confused.
The bullfrog is engulfed in noxious fumes.
The bullfrog barely misses you.
A wight comes into view. It is wielding a +0 halberd.
You catch the helpless bullfrog completely off-guard!
You puncture the bullfrog!
The bullfrog looks as sick as possible!
The bullfrog is severely wounded.
You hit the bullfrog.
You kill the bullfrog!
The ogre closely misses your crimson imp.
Your crimson imp hits the ogre.
Your Armour skill increases to level 2!
Your Conjurations skill increases to level 5!
A wight comes into view. It is wielding a +5 scimitar.
The ogre wonders, "What am I doing in here?"
The ogre hits you with a +0 giant club!
You die...

## ##.### #....###
#....#.##
##....)..###
.##..........#
.......@5....###
#.......O......#
##.[...........#
#.......z........#
...............###
............####
.............
..##...z.....#
.........##


You could see an ogre (confused, ally target), 2 wights and a friendly crimson
imp (summoned).

Vanquished Creatures
  Eustachio (D:4)
  An ice beast (D:4)
  5 ogres
  A bullfrog (D:6)
  A scorpion (D:4)
  2 necrophages (D:4)
  A howler monkey (D:4)
  An orc priest (D:5)
  3 iguanas
  2 orc wizards (D:5)
  8 gnolls (D:3)
  4 adders
  2 shadow imps (D:5)
  2 white imps
  An ufetubus (D:5)
  A worm (D:5)
  5 dart slugs
  8 orcs
  9 ball pythons
  7 endoplasms
  7 giant cockroaches
  6 goblins
  7 hobgoblins
  3 jackals (D:5)
  8 kobolds
  8 quokkas
  7 bats
  2 frilled lizards (D:3)
  3 rats
116 creatures vanquished.

Vanquished Creatures (others)
  A ball python (D:4)
1 creature vanquished.

Grand Total: 117 creatures vanquished

Notes
Turn   | Place    | Note
-------+----------+-------------------------------------------
     0 | D:1      | pokeman the Deep Elf Hedge Wizard began the quest for the
                  | Orb.
     0 | D:1      | Reached XP level 1. HP: 10/10 MP: 7/7
   306 | D:1      | Reached XP level 2. HP: 11/16 MP: 4/9
   844 | D:1      | Reached skill level 5 in Spellcasting
  1178 | D:2      | Reached XP level 3. HP: 20/20 MP: 5/11
  1182 | D:2      | Learned a level 3 spell: Mephitic Cloud
  1185 | D:2      | Learned a level 2 spell: Call Imp
  1188 | D:2      | Learned a level 2 spell: Blink
  1663 | D:2      | Found Buewn's Assorted Antiques.
  2136 | D:3      | Reached skill level 1 in Fighting
  2136 | D:3      | Reached skill level 1 in Armour
  2258 | D:3      | Reached XP level 4. HP: 25/25 MP: 7/13
  2668 | D:3      | Found a glowing silver altar of Zin.
  2709 | D:3      | Noticed a +0 dagger
  2709 | D:3      | Noticed a +0 spear
  2710 | D:3      | Noticed a +0 falchion
  2711 | D:3      | Noticed a +0 falchion
  2713 | D:3      | Noticed a +0 spear
  2713 | D:3      | Noticed a +0 short sword
  2721 | D:3      | Noticed a +0 dagger
  2723 | D:3      | Noticed a +0 short sword
  2801 | D:3      | Found a faded altar of an unknown god.
  2854 | D:3      | Reached skill level 6 in Spellcasting
  2854 | D:3      | Reached XP level 5. HP: 29/29 MP: 7/15
  2997 | D:3      | Found a hide-covered altar of Uskayaw.
  3090 | D:3      | Noticed an ogre
  3096 | D:3      | Killed an ogre
  3097 | D:3      | Reached skill level 1 in Evocations
  3415 | D:3      | Found an ornate altar of the Wu Jian Council.
  3415 | D:3      | Found an ancient bone altar of Kikubaaqudgha.
  3526 | D:4      | Reached XP level 6. HP: 14/34 MP: 1/17
  3777 | D:4      | Reached skill level 7 in Spellcasting
  3777 | D:4      | Reached skill level 1 in Poison Magic
  3865 | D:4      | Found a shimmering blue altar of Sif Muna.
  3865 | D:4      | Found a basalt altar of Yredelemnul.
  3945 | D:4      | Found a sparkling altar of Nemelex Xobeh.
  4012 | D:4      | Found a blossoming altar of Fedhas.
  4140 | D:4      | Found a shimmering altar of Xom.
  4167 | D:4      | Reached skill level 1 in Air Magic
  4179 | D:4      | Noticed an ice beast
  4421 | D:4      | Reached XP level 7. HP: 38/38 MP: 3/20
  4630 | D:4      | Reached skill level 8 in Spellcasting
  4665 | D:4      | Found an opulent altar of Gozag.
  4832 | D:4      | Noticed Eustachio
  4850 | D:4      | Killed Eustachio
  4898 | D:5      | Entered Level 5 of the Dungeon
  5176 | D:5      | Reached XP level 8. HP: 31/44 MP: 19/22
  5399 | D:5      | Reached skill level 9 in Spellcasting
  5515 | D:5      | Found a sacrificial altar of Ru.
  6132 | D:6      | Reached skill level 5 in Conjurations
  6132 | D:6      | Slain by an ogre

Illustrated notes

Levels and vault maps discovered:
D:1:      sevenhm_arrival_forest_fort_large_4, layout_basic
D:2:      layout_basic, serial_shops, shop, hangedman_decor_growths,
          minmay_misc_feat_more_columns
D:3:      layout_basic, zin_treasury, nicolae_uskayaw_en_pointe,
          gammafunk_temple_overflow_elements, ebering_ecumenical_altar_hall,
          roderic_roman_lattice
D:4:      layout_gridville, jmf_multi_god_temple, xom_confusion_cloud,
          mainiacjoe_overflow_surrounded_room, mainiacjoe_overflow_chevrons,
          mainiacjoe_overflow_brackets, uniq_eustachio
D:5:      layout_loops_ring, nicolae_ru_great_annihilating_truth,
          nicolae_elevator_lobby_asterisk
D:6:      layout_cave_pools, mainiacjoe_overflow_boulevard, old_standard_altar

Skill      XL: |  1  2  3  4  5  6  7  8 |
---------------+-------------------------+-----
Spellcasting   | 5 6 7 8 9 |  9.6
Fighting       | 1 2 |  2.1
Armour         | 1 2 |  2.0
Conjurations   | 2 3 4 5 |  5.0
Stealth        | 3 4 |  4.0
Dodging        | 3 |  3.0
Evocations     | 1 |  1.0
Poison Magic   | 1 |  1.1
Air Magic      | 1 |  1.0
Summonings     | 2 3 |  3.5
Translocations | |  1.1

Action                   |  1- 3 |  4- 6 |  7- 9 || total
-------------------------+-------+-------+-------++-------
Melee: Dagger            |     1 |    18 |    86 ||   105
       Punch             |       |     1 |     3 ||     4
 Cast: Magic Dart        |    96 |   130 |    55 ||   281
       Mephitic Cloud    |     1 |     5 |    13 ||    19
       Call Imp          |     1 |     2 |     2 ||     5
       Blink             |       |     2 |       ||     2
 Stab: Confused          |       |     4 |    10 ||    14
Armor: Robe              |     1 |     8 |    12 ||    21
Dodge: Dodged            |    11 |    37 |    57 ||   105

Table legend: (Time is in decaauts)
 A = Elapsed time spent in this place.
 B = Non-inter-level travel time spent in this place.
 C = Inter-level travel time spent in this place.
 D = Time resting spent in this place.
 E = Time spent auto-exploring this place.
 F = Levels seen in this place.
 G = Mean time per level.
                   A        B        C        D        E       F      G
               +--------+--------+--------+--------+--------+-----+--------+
         Total |   6129 |   5941 |    188 |    103 |   5090 |   6 | 1021.5 |
       Dungeon |   6129 |   5941 |    188 |    103 |   5090 |   6 | 1021.5 |
               +--------+--------+--------+--------+--------+-----+--------+

Top non-repeatable levels by time:
     D:3: 1535 daAuts
     D:4: 1263 daAuts
     D:5: 1206 daAuts
     D:1: 1153 daAuts
     D:2: 943 daAuts
     D:6: 26 daAuts
